AoeStats
← La Gata bajo la lluvia

Arena

506246813Analyzed
4v4 RM · 18d ago on Sep 12, 2026· 76m 18s· 8 players
Game mode
Random Map
Map size
Large (8 player)
Population
200
Speed
Normal
Resources
Standard
Victory
Conquest
Starting age
Dark Age
Ending age
Imperial Age
RankedLock teamsTeams togetherTeam positionsShared explorationLock speedFull tech treeHidden civsTurbo modeCheats
Victory
Defeat
🇵🇪 Spanish · Peru
815
+14
🇸🇪 Huns · Sweden
789
+15
🇹🇷 Saracens · Türkiye
788
+15
781
+16
🇲🇽 Mapuche · Mexico
877
-18
🇪🇸 Teutons · Spain
814
-17
🇫🇷 Maya · France
729
-13
🇨🇱 Burgundians · Chile
685
-12
La Gata bajo la lluvia
ricksanchez
0:48 Loom
12:45 Feudal Age
15:14 Wheelbarrow
15:26 Double-Bit Axe
15:37 Stone Mining
18:10 Castle Age
17:01 Bloodlines
17:19 Padded Archer Armor
17:31 Horse Collar
18:28 Fletching
19:22 Husbandry
23:31 Gold Mining
25:09 Gold Shaft Mining
24:56 Bow Saw
26:20 Gold Shaft Mining
26:57 Bodkin Arrow
28:24 Heavy Plow
28:39 Marauders
30:09 Forging
30:05 Scale Barding Armor
33:31 Imperial Age
31:39 Ballistics
32:05 Hand Cart
34:02 Iron Casting
35:21 Conscription
35:21 Caravan
36:23 Cavalier
38:18 Heavy Cavalry Archer
39:24 Parthian Tactics
39:30 Elite Skirmisher
42:07 Thumb Ring
57:28 Chemistry
59:24 Leather Archer Armor
62:53 Bracer
64:53 Town Watch
66:22 Blast Furnace
65:43 Chain Barding Armor
72:12 Elite Tarkan
75:35 Plate Barding Armor
fadul2105
11:02 Feudal Age
14:09 Loom
17:30 Castle Age
19:02 Double-Bit Axe
20:58 Wheelbarrow
22:38 Horse Collar
27:28 Pikeman
29:34 Bow Saw
29:26 Heavy Plow
29:43 Forging
35:33 Imperial Age
33:30 Hand Cart
34:48 Iron Casting
34:18 Scale Barding Armor
34:15 Scale Mail Armor
34:59 Gold Mining
35:02 Stone Mining
35:29 Squires
35:14 Gambesons
36:49 Conscription
37:38 Elite Conquistador
40:58 Halberdier
44:40 Blast Furnace
45:45 Padded Archer Armor
46:04 Chain Mail Armor
50:07 Bloodlines
49:58 Husbandry
50:06 Scale Barding Armor
50:18 Leather Archer Armor
50:37 Light Cavalry
52:33 Ring Archer Armor
52:25 Chain Barding Armor
51:59 Hussar
55:05 Plate Barding Armor
55:27 Town Watch
58:29 Town Patrol
59:42 Chemistry
59:02 Ballistics
58:53 Fortified Wall
58:54 Masonry
63:59 Plate Mail Armor
63:22 Fletching
66:07 Architecture
65:33 Murder Holes
66:59 Capped Ram
70:32 Siege Ram
74:16 Arson
Merginator44
0:32 Loom
15:27 Feudal Age
16:04 Horse Collar
16:13 Double-Bit Axe
21:31 Castle Age
21:09 Gold Mining
21:12 Stone Mining
22:04 Fletching
22:15 Padded Archer Armor
22:30 Forging
22:26 Scale Barding Armor
23:27 Heavy Plow
25:52 Wheelbarrow
27:25 Caravan
28:32 Gold Shaft Mining
30:36 Hand Cart
30:07 Town Watch
30:40 Bow Saw
35:23 Imperial Age
33:54 Bodkin Arrow
34:14 Leather Archer Armor
34:35 Iron Casting
34:22 Chain Barding Armor
35:51 Bloodlines
35:42 Husbandry
37:33 Capped Ram
39:15 Bracer
39:46 Ring Archer Armor
40:17 Blast Furnace
39:52 Plate Barding Armor
39:34 Heavy Camel Rider
39:52 Pikeman
40:32 Squires
40:18 Arson
40:02 Siege Ram
41:40 Counterweights
44:00 Chemistry
43:21 Ballistics
42:57 Murder Holes
42:43 Treadmill Crane
43:09 Siege Engineers
43:16 Masonry
44:55 Hoardings
50:43 Scale Mail Armor
54:22 Treadmill Crane
63:41 Counterweights
62:52 Elite Mameluke
64:30 Chain Mail Armor
66:46 Plate Mail Armor
jesusodinson
Dremora
12:48 Feudal Age
13:19 Loom
13:36 Double-Bit Axe
21:16 Castle Age
21:04 Padded Archer Armor
20:54 Fletching
21:15 Forging
21:06 Scale Mail Armor
23:03 Horse Collar
24:39 Bow Saw
24:49 Scale Barding Armor
25:29 Wheelbarrow
27:56 Heavy Plow
29:00 Gold Mining
29:01 Stone Mining
31:06 Bodkin Arrow
33:44 Gold Shaft Mining
33:49 Stone Shaft Mining
36:48 Imperial Age
34:42 Hand Cart
34:16 Town Watch
34:17 Cavalier
35:39 Ballistics
36:23 Treadmill Crane
36:54 Fortified Wall
37:54 Crop Rotation
42:14 Chemistry
41:03 Flemish Revolution
41:50 Burgundian Vineyards
42:21 Hoardings
41:13 Elite Skirmisher
42:15 Bracer
44:04 Iron Casting
45:04 Leather Archer Armor
45:50 Blast Furnace
46:22 Two-Man Saw
52:03 Elite Coustillier
53:52 Conscription
54:41 Paladin
55:22 Husbandry
58:27 Chain Barding Armor
62:38 Plate Barding Armor
glubix44
Cristian El Sólido
10:39 Feudal Age
12:03 Loom
14:59 Castle Age
12:52 Double-Bit Axe
13:20 Horse Collar
20:04 Bow Saw
22:40 Town Watch
22:46 Town Watch
26:05 Heavy Plow
27:05 Stone Mining
27:06 Gold Mining
27:26 Fletching
28:25 Stone Shaft Mining
31:40 Imperial Age
29:53 Bodkin Arrow
30:20 Ballistics
30:11 Masonry
31:24 Forging
31:16 Scale Mail Armor
31:26 Scale Barding Armor
32:49 Squires
32:16 Pikeman
33:33 Iron Casting
33:13 Chain Mail Armor
33:19 Chain Barding Armor
33:07 Siege Engineers
34:16 Halberdier
35:43 Conscription
36:01 Hoardings
35:48 Crenellations
37:05 Blast Furnace
37:41 Chemistry
37:19 Elite Teutonic Knight
37:50 Arson
39:15 Plate Mail Armor
51:51 Cavalier
52:43 Bloodlines
55:43 Plate Barding Armor
56:24 Paladin
58:58 Two-Man Saw
58:29 Crop Rotation
Connection lost

Rejoining the realm…

Still unreachable

The connection could not be restored.

Session expired

The server has moved on; the page needs a fresh start.